IL
RENO ACES @ NEW ORLEANS ZEPHYRS
05/16/2048
 
TOP OF THE 1ST
Reno Aces batting - Pitching for New Orleans Zephyrs : RHP Mike Powell
Pitching: RHP Mike Powell
Batting: SHB Carlos Rodriguez 0-0: Foul Ball, location: 2F
0-1: Ball
1-1: Called Strike
1-2: Strikes out swinging
Batting: LHB Jeff Densmore 0-0: Called Strike
0-1: Called Strike
0-2: Ball
1-2: Ball
2-2: Fly out, F8 (Flyball, 8RXD, EV 96.9 MPH)
Batting: LHB Kyle Beaulieu 0-0: Foul Ball, location: 2F
0-1: Called Strike
0-2: Foul Ball, location: 2F
0-2: Ball
1-2: Strikes out swinging
Top of the 1st over - 0 runs, 0 hits, 0 errors, 0 left on base; Reno 0 - New Orleans 0
BOTTOM OF THE 1ST
New Orleans Zephyrs batting - Pitching for Reno Aces : RHP Takaaki Nakada
Pitching: RHP Takaaki Nakada
Batting: LHB David Doge 0-0: SINGLE (Line Drive, 56, EV 101.2 MPH)
Batting: LHB Eric Bailey 0-0: Ball
1-0: Ball
2-0: Swinging Strike
2-1: Ball
3-1: Base on Balls
David Doge to second
Batting: RHB Manuel Taveras 0-0: Ball
1-0: Swinging Strike
1-1: Foul Ball, location: 2F
1-2: Strikes out swinging
Batting: RHB Adam McGurn 0-0: Ball
1-0: Called Strike
David Doge steals 3rd base
Eric Bailey to second
1-1: Swinging Strike
1-2: Foul Ball, location: 2F
1-2: Ball
2-2: Fly out, F9 (Flyball, 89S, EV 86.2 MPH)
Batting: RHB Rick Fell 0-0: Ball
1-0: Foul Ball, location: 2F
1-1: Foul Ball, location: 2F
1-2: SINGLE (Groundball, 56, EV 105.6 MPH) (infield hit)
David Doge scores
Eric Bailey to third
Batting: RHB Isaiah Brockman 0-0: Ball
1-0: Foul Ball, location: 2F
1-1: Ball
Wild Pitch!
Eric Bailey scores
Rick Fell to second
2-1: Fly out, F5 (Popup, 5F, EV 78.8 MPH)
Bottom of the 1st over - 2 runs, 2 hits, 0 errors, 1 left on base; Reno 0 - New Orleans 2
TOP OF THE 2ND
Reno Aces batting - Pitching for New Orleans Zephyrs : RHP Mike Powell
Batting: RHB Justin McQuarter 0-0: Ball
1-0: Ball
2-0: Ball
3-0: Base on Balls
Batting: LHB Kevin Ferguson 0-0: Ball
1-0: Called Strike
1-1: Ball
2-1: Called Strike
2-2: Fly out, F8 (Line Drive, 8RM, EV 97.5 MPH)
Batting: LHB Ian Jarvis 0-0: Ball
1-0: Swinging Strike
1-1: Ball
2-1: Called Strike
2-2: Strikes out swinging
Batting: LHB Steve Reinhart 0-0: Ball
Pickoff Throw to First - Out! 1-3
Top of the 2nd over - 0 runs, 0 hits, 0 errors, 0 left on base; Reno 0 - New Orleans 2
BOTTOM OF THE 2ND
New Orleans Zephyrs batting - Pitching for Reno Aces : RHP Takaaki Nakada
Batting: SHB Jordan Barragan 0-0: Called Strike
0-1: Fly out, F5 (Line Drive, 5L, EV 68.1 MPH)
Batting: RHB Masumitsu Sugiura 0-0: Fly out, F9 (Flyball, 9, EV 92.5 MPH)
Batting: RHB John Jackson 0-0: Ball
1-0: Ground out 3-1 (Groundball, 34, EV 109.4 MPH)
Bottom of the 2nd over - 0 runs, 0 hits, 0 errors, 0 left on base; Reno 0 - New Orleans 2
TOP OF THE 3RD
Reno Aces batting - Pitching for New Orleans Zephyrs : RHP Mike Powell
Batting: LHB Steve Reinhart 0-0: Ball
1-0: Ball
2-0: Ground out 6-3 (Groundball, 6, EV 103.8 MPH)
Batting: RHB Cesar Chavez 0-0: Ball
1-0: Ball
2-0: Ball
3-0: Called Strike
3-1: Swinging Strike
3-2: Foul Ball, location: 2F
3-2: Foul Ball, location: 2F
3-2: Foul Ball, location: 2F
3-2: Fly out, F9 (Line Drive, 9, EV 101.9 MPH)
Batting: RHB Danny Gerardo 0-0: Ball
1-0: Called Strike
1-1: Ball
2-1: Swinging Strike
2-2: Ball
3-2: Foul Ball, location: 2F
3-2: Base on Balls
Batting: SHB Carlos Rodriguez 0-0: Ball
1-0: Ball
2-0: Called Strike
2-1: Ball
Danny Gerardo is caught stealing 2nd base 2-6
Top of the 3rd over - 0 runs, 0 hits, 0 errors, 0 left on base; Reno 0 - New Orleans 2
BOTTOM OF THE 3RD
New Orleans Zephyrs batting - Pitching for Reno Aces : RHP Takaaki Nakada
Batting: LHB David Doge 0-0: Swinging Strike
0-1: Ground out 4-3 (Groundball, 4, EV 86.2 MPH)
Batting: LHB Eric Bailey 0-0: Called Strike
0-1: SINGLE (Groundball, 4M, EV 96.9 MPH) (infield hit)
Batting: RHB Manuel Taveras 0-0: Ball
1-0: Ball
2-0: Called Strike
2-1: Fielders Choice at 2nd, 2-4 (Groundball, 15S, EV 72.5 MPH)
Batting: RHB Adam McGurn 0-0: Ball
1-0: Foul Ball, location: 2F
1-1: Ball
2-1: Ball
3-1: Fly out, F9 (Flyball, 89S, EV 90.0 MPH)
Bottom of the 3rd over - 0 runs, 1 hit, 0 errors, 1 left on base; Reno 0 - New Orleans 2
TOP OF THE 4TH
Reno Aces batting - Pitching for New Orleans Zephyrs : RHP Mike Powell
Batting: SHB Carlos Rodriguez 0-0: Swinging Strike
0-1: Swinging Strike
0-2: Ball
1-2: Strikes out looking
Batting: LHB Jeff Densmore 0-0: Ball
1-0: Fly out, F8 (Line Drive, 8LM, EV 91.9 MPH)
Batting: LHB Kyle Beaulieu 0-0: Called Strike
0-1: Ball
1-1: Ball
2-1: Ball
3-1: Base on Balls
Batting: RHB Justin McQuarter 0-0: Fly out, F9 (Flyball, 9, EV 81.2 MPH)
Top of the 4th over - 0 runs, 0 hits, 0 errors, 1 left on base; Reno 0 - New Orleans 2
BOTTOM OF THE 4TH
New Orleans Zephyrs batting - Pitching for Reno Aces : RHP Takaaki Nakada
Batting: RHB Rick Fell 0-0: Ball
1-0: Foul Ball, location: 2F
1-1: Foul Ball, location: 2F
1-2: Strikes out swinging
Batting: RHB Isaiah Brockman 0-0: Called Strike
0-1: Foul Ball, location: 2F
0-2: Fly out, F8 (Flyball, 8RXD, EV 111.2 MPH)
Batting: SHB Jordan Barragan 0-0: Fly out, F7 (Flyball, 78M, EV 93.8 MPH)
Bottom of the 4th over - 0 runs, 0 hits, 0 errors, 0 left on base; Reno 0 - New Orleans 2
TOP OF THE 5TH
Reno Aces batting - Pitching for New Orleans Zephyrs : RHP Mike Powell
Batting: LHB Kevin Ferguson 0-0: Ball
1-0: Called Strike
1-1: Fly out, F9 (Flyball, 9, EV 92.5 MPH)
Batting: LHB Ian Jarvis 0-0: Swinging Strike
0-1: Ball
1-1: Foul Ball, location: 2F
1-2: Ball
2-2: Strikes out swinging
Batting: LHB Steve Reinhart 0-0: Ball
1-0: Foul Ball, location: 2F
1-1: Ball
2-1: Ball
3-1: Foul Ball, location: 2F
3-2: Foul Ball, location: 2F
3-2: Ground out U3 (Groundball, 3L, EV 85.6 MPH)
Top of the 5th over - 0 runs, 0 hits, 0 errors, 0 left on base; Reno 0 - New Orleans 2
BOTTOM OF THE 5TH
New Orleans Zephyrs batting - Pitching for Reno Aces : RHP Takaaki Nakada
Batting: RHB Masumitsu Sugiura 0-0: Ball
1-0: Swinging Strike
1-1: Swinging Strike
1-2: Strikes out looking
Batting: RHB John Jackson 0-0: Swinging Strike
0-1: Foul Ball, location: 2F
0-2: Ball
1-2: Foul Ball, location: 2F
1-2: Foul Ball, location: 2F
1-2: Ball
2-2: Ball
3-2: Foul Ball, location: 2F
3-2: Foul Ball, location: 2F
3-2: Foul Ball, location: 2F
3-2: Strikes out swinging
Batting: LHB David Doge 0-0: Ball
1-0: Ball
2-0: Ball
3-0: Base on Balls
Batting: LHB Eric Bailey 0-0: Ball
David Doge is caught stealing 2nd base 2-6
Bottom of the 5th over - 0 runs, 0 hits, 0 errors, 0 left on base; Reno 0 - New Orleans 2
TOP OF THE 6TH
Reno Aces batting - Pitching for New Orleans Zephyrs : RHP Mike Powell
Pitching: RHP Jorge Lopez
Batting: RHB Cesar Chavez 0-0: Foul Ball, location: 2F
0-1: Swinging Strike
0-2: Strikes out looking
Batting: RHB Danny Gerardo 0-0: Ball
1-0: Foul Ball, location: 2F
1-1: Swinging Strike
1-2: Foul Ball, location: 2F
1-2: Strikes out looking
Batting: SHB Carlos Rodriguez 0-0: Reached on error, E5 (Groundball, 5, EV 87.5 MPH)
Batting: LHB Jeff Densmore 0-0: Called Strike
Carlos Rodriguez steals 2nd base
0-1: Swinging Strike
0-2: Ball
1-2: Ball
2-2: Strikes out swinging
Top of the 6th over - 0 runs, 0 hits, 1 error, 1 left on base; Reno 0 - New Orleans 2
BOTTOM OF THE 6TH
New Orleans Zephyrs batting - Pitching for Reno Aces : RHP Takaaki Nakada
Batting: LHB Eric Bailey 0-0: Ball
1-0: Ball
2-0: Called Strike
2-1: Fly out, F8 (Flyball, 8LD, EV 102.5 MPH)
Batting: RHB Manuel Taveras 0-0: Ball
1-0: Ball
2-0: Ground out 6-3 (Groundball, 56, EV 78.1 MPH)
Batting: RHB Adam McGurn 0-0: Ball
1-0: Called Strike
1-1: Called Strike
1-2: Ground out 5-3 (Groundball, 56D, EV 86.2 MPH)
Bottom of the 6th over - 0 runs, 0 hits, 0 errors, 0 left on base; Reno 0 - New Orleans 2
TOP OF THE 7TH
Reno Aces batting - Pitching for New Orleans Zephyrs : RHP Jorge Lopez
Pitching: RHP Matt Murray
Batting: LHB Kyle Beaulieu 0-0: Ball
1-0: Foul Ball, location: 2F
1-1: Ball
2-1: Ground out 6-3 (Groundball, 6, EV 88.1 MPH)
Batting: RHB Justin McQuarter 0-0: Ground out U3 (Groundball, 34, EV 85.6 MPH)
Batting: LHB Kevin Ferguson 0-0: Called Strike
0-1: Foul Ball, location: 2F
0-2: Ball
1-2: Ball
2-2: Foul Ball, location: 2F
2-2: Foul Ball, location: 2F
2-2: Ball
3-2: Foul Ball, location: 2F
3-2: SINGLE (Line Drive, 89S, EV 109.4 MPH)
Batting: LHB Ian Jarvis 0-0: Called Strike
0-1: Called Strike
0-2: Strikes out swinging
Top of the 7th over - 0 runs, 1 hit, 0 errors, 1 left on base; Reno 0 - New Orleans 2
BOTTOM OF THE 7TH
New Orleans Zephyrs batting - Pitching for Reno Aces : RHP Takaaki Nakada
Batting: RHB Rick Fell 0-0: Foul Ball, location: 2F
0-1: Ball
1-1: Ball
2-1: Swinging Strike
2-2: Foul Ball, location: 2F
2-2: Reached on error, E6 (Groundball, 6, EV 79.4 MPH)
Batting: RHB Isaiah Brockman 0-0: Ball
1-0: Fly out, F3 (Flyball, 3D, EV 86.2 MPH)
Batting: SHB Jordan Barragan 0-0: Intentional Walk
Batting: RHB Masumitsu Sugiura 0-0: Ball
1-0: Ball
2-0: Swinging Strike
2-1: Ball
3-1: Foul Ball, location: 2F
3-2: Strikes out looking
Pitching: RHP Jose Fernandez
Batting: RHB John Jackson 0-0: Called Strike
0-1: Ball
1-1: Ball
2-1: Fly out, F8 (Flyball, 8RXD, EV 99.4 MPH)
Bottom of the 7th over - 0 runs, 0 hits, 1 error, 2 left on base; Reno 0 - New Orleans 2
TOP OF THE 8TH
Reno Aces batting - Pitching for New Orleans Zephyrs : RHP Matt Murray
Pitching: RHP J.P. Wilson
Batting: LHB Steve Reinhart 0-0: Ball
1-0: Ball
2-0: Called Strike
2-1: Foul Ball, location: 2F
2-2: Ground out 5-3 (Groundball, 56S, EV 66.9 MPH)
Batting: RHB Cesar Chavez 0-0: Ball
1-0: Foul Ball, location: 2F
1-1: Called Strike
1-2: Strikes out swinging
Batting: RHB Danny Gerardo 0-0: SINGLE (Groundball, 56D, EV 103.1 MPH)
Batting: SHB Carlos Rodriguez 0-0: Ball
1-0: Ball
2-0: Ball
3-0: Base on Balls
Danny Gerardo to second
Batting: LHB Jeff Densmore 0-0: Foul Ball, location: 2F
0-1: Foul Ball, location: 2F
0-2: Ball
1-2: Ball
2-2: Foul Ball, location: 2F
2-2: Ground out 4-3 (Groundball, 34, EV 97.5 MPH)
Top of the 8th over - 0 runs, 1 hit, 0 errors, 2 left on base; Reno 0 - New Orleans 2
BOTTOM OF THE 8TH
New Orleans Zephyrs batting - Pitching for Reno Aces : RHP Jose Fernandez
Batting: LHB David Doge 0-0: Swinging Strike
0-1: Ball
1-1: Swinging Strike
1-2: Strikes out swinging
Batting: LHB Eric Bailey 0-0: Ball
1-0: Ball
2-0: Ball
3-0: Called Strike
3-1: Called Strike
3-2: Foul Ball, location: 2F
3-2: Strikes out swinging
Batting: RHB Manuel Taveras 0-0: Ball
1-0: Swinging Strike
1-1: Fly out, F9 (Line Drive, 9LM, EV 87.5 MPH)
Bottom of the 8th over - 0 runs, 0 hits, 0 errors, 0 left on base; Reno 0 - New Orleans 2
TOP OF THE 9TH
Reno Aces batting - Pitching for New Orleans Zephyrs : RHP J.P. Wilson
Pitching: LHP Nick Gore
Batting: LHB Kyle Beaulieu 0-0: Ball
1-0: Called Strike
1-1: Called Strike
1-2: Foul Ball, location: 2F
1-2: Strikes out swinging
Batting: RHB Justin McQuarter 0-0: Ball
1-0: Swinging Strike
1-1: Ball
2-1: Ground out 5-3 (Groundball, 56, EV 84.4 MPH)
Pinch Hitting: RHB Dustin Clark 0-0: Ball
1-0: Called Strike
1-1: Called Strike
1-2: Strikes out swinging
Top of the 9th over - 0 runs, 0 hits, 0 errors, 0 left on base; Reno 0 - New Orleans 2
Tuesday, March 28th , 2023 - OOTP Baseball 23.10 Build 110